Map: [ESL] Hard Lead

Players

SHIN - Winner!

  • Race: Zerg Zerg
  • Spawn Location: 5:00

Lambo

  • Race: Zerg Zerg
  • Spawn Location: 11:00

Event: ESL SC2 Masters 2023 Winter (Finals)

VOD

Have the link to the VOD?

Description

Time

  • Played on: Dec. 15, 2023, 10:46 a.m.
  • Length: 6:00

All games in this series

Show
View Real Time Build Order
Export as new Build Order

SHIN Zerg - Winner!

Build Orders: Hatch First 

Get SALT Encoding   

  12  0:00  Drone  
  13  0:08  Drone  
  14  0:16  Overlord  
  14  0:34  Drone x2  
  16  0:47  Hatchery  
  15  0:51  Drone  
  15  0:54  Drone  
  17  0:58  Drone  
  18  1:08  Extractor  
  17  1:13  Spawning Pool  
  17  1:15  Drone  
  17  1:19  Drone  
  18  1:28  Drone  
  19  1:39  Drone  
  20  1:50  Drone  
  21  1:59  Queen  
  21  2:00  Drone, Queen  
  21  2:01  Zergling x2  
  27  2:10  Overlord  
  27  2:11  Metabolic Boost  
  27  2:12  Drone  
  28  2:29  Drone x2  
  30  2:33  Hatchery  
  30  2:35  Drone  
  30  2:37  Drone  
  31  2:44  Baneling Nest  
  31  2:46  Drone  
  31  2:49  Overlord  
  31  2:54  Drone  
  32  3:03  Zergling x2  
  32  3:04  Zergling x2  
  34  3:09  Zergling x10  
  34  3:12  Zergling x4  
  41  3:18  Queen  
  43  3:23  Overlord  
  43  3:26  Zergling x2  
  44  3:28  Baneling x2  
  44  3:37  Baneling x2  
  44  3:42  Drone x6  
  50  3:49  Roach Warren  
  50  3:52  Drone  
  50  3:54  Drone  
  49  3:55  Drone  
  49  3:58  Zergling x2  
  49  4:00  Baneling x2  
  49  4:02  Drone  
  51  4:07  Overlord  
  51  4:08  Extractor  
  50  4:13  Drone  
  51  4:17  Overlord  
  51  4:22  Overlord  
  46  4:32  Roach x5  
  46  4:36  Overlord  
  56  4:39  Roach x2  
  56  4:45  Roach  
  62  4:46  Zergling x8  
  65  4:54  Zergling x10  
  65  4:57  Zergling x2  
  65  4:58  Zergling x2  
  71  5:01  Zergling x2  
  71  5:04  Zergling x4  
  71  5:05  Zergling x2  
  75  5:10  Zergling x2, Overlord  
  75  5:13  Zergling x2  
  75  5:14  Zergling x2  
  78  5:17  Baneling x2  
  78  5:21  Baneling x3  
  78  5:22  Baneling  
  78  5:23  Zergling x4  
  78  5:25  Zergling x2  
  78  5:27  Zergling x2  
  80  5:30  Zergling x2  
  80  5:31  Zergling x2  
  80  5:32  Zergling x4  
  81  5:36  Zergling x4  
  81  5:38  Zergling x2  
  81  5:40  Zergling x4  
  82  5:47  Ravager  
  82  5:48  Ravager  
Show
View Real Time Build Order
Export as new Build Order

Lambo Zerg 

Build Orders: Hatch First 

Get SALT Encoding   

  12  0:00  Drone  
  13  0:12  Overlord  
  13  0:17  Drone  
  14  0:30  Drone x2  
  16  0:47  Hatchery  
  15  0:51  Drone  
  15  0:54  Drone  
  17  0:57  Drone  
  18  1:08  Extractor  
  17  1:12  Spawning Pool  
  17  1:16  Drone  
  17  1:19  Drone  
  18  1:28  Drone  
  19  1:39  Drone  
  20  1:50  Drone  
  21  1:59  Queen x2  
  21  2:00  Zergling x2, Overlord  
  26  2:08  Metabolic Boost  
  26  2:10  Drone x2  
  28  2:20  Drone  
  28  2:21  Drone  
  30  2:31  Drone  
  30  2:32  Zergling x2  
  32  2:37  Hatchery  
  32  2:42  Drone  
  32  2:45  Baneling Nest  
  32  2:49  Overlord  
  31  2:52  Drone  
  31  2:54  Zergling x2  
  33  3:04  Drone  
  33  3:05  Zergling x2  
  35  3:09  Zergling x4  
  35  3:10  Drone x2  
  35  3:11  Drone  
  40  3:13  Drone  
  40  3:19  Drone, Overlord  
  42  3:24  Queen  
  44  3:28  Baneling x2  
  43  3:34  Zergling x2  
  43  3:36  Baneling, Roach Warren  
  43  3:40  Baneling  
  43  3:41  Zergling x6  
  43  3:44  Zergling x2  
  47  3:52  Drone x5  
  52  4:00  Drone x2  
  48  4:03  Overlord  
  48  4:05  Drone  
  48  4:10  Drone  
  48  4:11  Drone x3  
  48  4:16  Drone x2  
  54  4:18  Drone  
  54  4:23  Drone  
  56  4:28  Drone x2  
  56  4:33  Drone  
  56  4:35  Extractor  
  56  4:36  Drone  
  57  4:39  Drone  
  57  4:43  Drone x4  
  62  4:51  Drone x4, Overlord  
  66  4:54  Extractor  
  66  4:56  Overlord  
  64  5:00  Roach, Overlord  
  64  5:05  Overlord, Spine Crawler  
  64  5:08  Overlord  
  64  5:09  Spine Crawler  
  64  5:11  Baneling x2  
  64  5:12  Roach  
  64  5:14  Roach  
  67  5:18  Roach  
  67  5:19  Roach x3  
  75  5:25  Roach x3  
  80  5:30  Roach, Overlord  
  80  5:31  Zergling x4  
  82  5:37  Zergling x2  
  82  5:40  Roach  
Tags
 
Add a new tag
Caveats
  • Supply blocks, unpowered buildings, or Contaminate may cause inaccurate times.
  • Supply counts are checked every 10 seconds.